 Dungeon Crawl Stone Soup version 0.30.1-11-g7821555f0a (webtiles) character file.

Game seed: 3617516668033430216

2212 lonewolfV2 the Myrmidon (level 9, -6/106 HPs)
             Began as a Formicid Fighter on Nov 1, 2023.
             Was an Elder of Okawaru.
             Mangled by an orc warrior
             ... wielding a +0 glaive
              (7 damage)
             ... on level 8 of the Dungeon.
             The game lasted 00:09:38 (6372 turns).

lonewolfV2 the Myrmidon (Formicid Fighter)          Turns: 6372, Time: 00:09:38

Health: -6/106     AC: 24    Str: 23    XL:     9   Next: 61%
Magic:  14/14      EV:  2    Int: 13    God:    Okawaru [****..]
Gold:   299        SH:  6    Dex: 15    Spells: 8/8 levels left

rFire   . . .        q - +3 whip of Precise Incision {protect, Int+5}
rCold   . . .        c - +0 buckler
rNeg    . . .        b - melded +0 scale mail
rPois   +            (helmet unavailable)
rElec   .            n - melded +0 cloak
rCorr   .            m - melded +0 pair of gloves
SInv    .            j - melded +1 pair of boots
Will    .....        v - amulet of the acrobat
Stlth   +++          i - +5 ring of evasion
HPRegen 0.37/turn    (no ring)
MPRegen 0.14/turn

%: acrobat
@: brilliant, tree-form, heroic, invisible
A: stationary, stasis, torment immunity, boosted hp, permanent stasis, dig
shafts and tunnels, (antennae 3), four strong arms
a: Renounce Religion, Heroism, Finesse


You were on level 8 of the Dungeon.
You worshipped Okawaru.
Okawaru was greatly pleased with you.
You were a tree.
You visited 1 branch of the dungeon, and saw 8 of its levels.

You collected 299 gold pieces.

Inventory:

Hand Weapons
 a - a +0 war axe
 q - the +3 whip of Precise Incision (weapon) {protect, Int+5}
   (You found it on level 6 of the Dungeon)

   Int:       It affects your intelligence (+5).
Armour
 b - a +0 scale mail (melded)
 c - a +0 buckler (worn)
 j - a +1 pair of boots (melded)
 m - a +0 pair of gloves (melded)
 n - a +0 cloak (melded)
Jewellery
 i - a +5 ring of evasion (left branch)
 v - an amulet of the acrobat (around neck)
 w - a +6 ring of dexterity
Wands
 r - a wand of flame (20)
 y - a wand of mindburst (5)
Scrolls
 o - a scroll of enchant armour
 s - 2 scrolls of noise
 u - 2 scrolls of fog
Potions
 d - 4 potions of might
 f - 2 potions of cancellation
 g - 2 potions of lignification
 h - 3 potions of degeneration
 k - a potion of mutation
 l - 2 potions of attraction
 p - 2 potions of brilliance
 t - a potion of flight


   Skills:
 - Level 6.9(11.9) Fighting
 - Level 6.7(12.2) Axes
 + Level 3.7(10.7) Maces & Flails
 + Level 5.3(10.3) Armour
 - Level 4.0(9.0) Shields
 + Level 7.7 Invocations


You had 8 spell levels left.
You didn't know any spells.
Your spell library contained the following spells:

 Spells                   Type           Power      Damage    Failure   Level
 Magic Dart               Conj           0%         1d3       34%         1
 Momentum Strike          Conj/Tloc      0%         3d8       47%         2
 Sublimation of Blood     Necr           0%         N/A       47%         2
 Mephitic Cloud           Conj/Pois/Air  0%         N/A       71%         3
 Ozocubu's Armour         Ice            0%         N/A       71%         3
 Stone Arrow              Conj/Erth      0%         3d7       71%         3
 Manifold Assault         Tloc           0%         N/A       98%         4
 Petrify                  Tmut/Erth      0%         N/A       98%         4
 Sticky Flame             Conj/Fire      0%         2d3       98%         4
 Irradiate                Conj/Tmut      0%         3d11      100%        5
 Dispersal                Tloc           0%         N/A       100%        6
 Ozocubu's Refrigeration  Ice            0%         4d7       100%        7
 Disjunction              Tloc           0%         N/A       100%        8
 Lehudib's Crystal Spear  Conj/Erth      0%         10d2      100%        8
 Call Imp                 Summ           Unusable   N/A       N/A         2
 Animate Armour           Summ/Erth      Unusable   N/A       N/A         4

Dungeon Overview and Level Annotations

Branches:
Dungeon (8/15)             Temple (0/1) D:5
   Lair: D:8-11

Altars:
Cheibriados
Dithmenos
Elyvilon
Nemelex Xobeh
Okawaru
Qazlal
Uskayaw

Shops:
D:5 (


Innate Abilities, Weirdness & Mutations

You are a tree.
Your roots penetrate the ground, keeping you stationary.
You cannot be teleported.
You are immune to unholy pain and torment.
Your maximum health is greatly increased.
Your equipment is partially melded.
You cannot be hasted, slowed, berserked, paralysed or teleported.
You can dig through walls and to a lower floor.
((You have a pair of large antennae on your head. (SInv)))
Your four strong arms can wield two-handed weapons with a shield.


Message History

The orc is almost dead.
You hit the orc wizard.
The orc wizard is heavily wounded.
The orc wizard completely misses you. You block the orc warrior's attack.
You whack the orc wizard!
You kill the orc wizard!
Okawaru accepts your kill. The orc hits you but does no damage.
You block the orc warrior's attack.
You completely miss the orc.
The orc is almost dead.
You barely miss the orc.
The orc is almost dead.
The orc warrior hits you from afar with a +0 glaive!
* * * LOW HITPOINT WARNING * * *
You block the orc's attack.
Okay, then.
It was a potion of brilliance.
You feel clever all of a sudden. The orc warrior barely misses you.
The orc misses you.
It was a potion of flight.
You feel very buoyant.
You fly up into the air.
The orc warrior hits you from afar with a +0 glaive.
* * * LOW HITPOINT WARNING * * *
The orc completely misses you.
It was a potion of magic.
Magic courses through your body. The orc barely misses you.
You block the orc warrior's attack.
Really quaff the potion of lignification?
You turn into a tree.
Your +0 cloak melds into your body.
Your +0 pair of gloves melds into your body.
Your +1 pair of boots melds into your body.
Your +0 scale mail melds into your body.
Your roots penetrate the ground.
The orc warrior hits you from afar with a +0 glaive.
* * * LOW HITPOINT WARNING * * *
The orc hits you but does no damage.
There are monsters nearby!
You fade into invisibility!
The orc warrior hits you from afar with a +0 glaive!
You die...

#.#...............
#.##..............
#.###.####..###... #.#
..............
#####'###.####..#.....
#.........####........
#.$.............#.....
#....)................
####....♣o.......#.#.....
.........)...............
####....o.....>..........
.............############
.##..........# {
####....##.# ...... .#
.........# #.........


You could see an orc warrior (unable to see you) and an orc (unable to see you).

Vanquished Creatures
  Prince Ribbit (D:5)
  Sigmund (D:2)
  A steam dragon (D:7)
  A water moccasin (D:7)
  An ice beast (D:7)
  4 centaurs
  2 phantoms (D:5)
  A kobold brigand (D:7)
  A bullfrog (D:7)
  3 scorpions
  3 hounds
  3 orc priests
  A gnoll bouda (D:4)
  3 jellies
  Crazy Yiuf (D:5)
  4 iguanas
  Ijyb (D:5)
  2 orc wizards
  5 gnolls
  11 adders
  2 shadow imps
  An ufetubus (D:5)
  3 dart slugs
  6 orcs
  3 ball pythons
  3 endoplasms
  5 giant cockroaches
  9 goblins
  6 hobgoblins
  6 jackals
  17 kobolds
  6 quokkas
  5 bats
  2 frilled lizards
  6 rats
  A butterfly (D:4)
131 creatures vanquished.

Notes
Turn   | Place    | Note
-------+----------+-------------------------------------------
     0 | D:1      | lonewolfV2 the Formicid Fighter began the quest for the
                  | Orb.
     0 | D:1      | Reached XP level 1. HP: 18/18 MP: 1/1
   138 | D:1      | Reached XP level 2. HP: 23/24 MP: 2/2
   439 | D:1      | Found a faded altar of an unknown god.
   445 | D:1      | Reached XP level 3. HP: 29/30 MP: 3/3
   478 | D:1      | Prayed at the altar of an unknown god.
   478 | D:1      | Became a worshipper of Warmaster Okawaru
   478 | D:1      | Reached * piety under Okawaru
   905 | D:2      | Noticed Sigmund
   912 | D:2      | Killed Sigmund
   912 | D:2      | Reached ** piety under Okawaru
   913 | D:2      | Reached skill level 2 in Invocations
   913 | D:2      | Reached XP level 4. HP: 34/38 MP: 3/5
   913 | D:2      | Reached XP level 5. HP: 38/43 MP: 3/6
   913 | D:2      | Reached XP level 6. HP: 44/49 MP: 3/7
  1046 | D:2      | Found a shadowy altar of Dithmenos.
  1800 | D:3      | Reached skill level 5 in Axes
  1800 | D:3      | Reached skill level 3 in Invocations
  2344 | D:4      | Found a white marble altar of Elyvilon.
  2386 | D:4      | Reached skill level 5 in Fighting
  2386 | D:4      | Reached XP level 7. HP: 54/56 MP: 9/9
  2400 | D:4      | Found a hide-covered altar of Uskayaw.
  2534 | D:4      | Got the Incunabulum of the Puffball
  2963 | D:4      | Found a snail-covered altar of Cheibriados.
  3134 | D:5      | Entered Level 5 of the Dungeon
  3154 | D:5      | Reached skill level 4 in Invocations
  3173 | D:5      | Reached *** piety under Okawaru
  3185 | D:5      | Noticed Prince Ribbit
  3203 | D:5      | Killed Prince Ribbit
  3204 | D:5      | Reached skill level 5 in Invocations
  3204 | D:5      | Reached XP level 8. HP: 21/64 MP: 11/11
  3750 | D:5      | Found a runed translucent door.
  3753 | D:5      | Noticed Crazy Yiuf
  3793 | D:5      | Killed Crazy Yiuf
  4153 | D:5      | Found Edybexok's Antique Weapon Shop.
  4256 | D:5      | Found a staircase to the Ecumenical Temple.
  4352 | D:5      | Noticed Ijyb
  4382 | D:5      | Killed Ijyb
  4452 | D:5      | Found an iron altar of Okawaru.
  4532 | D:5      | Identified the +9 plate armour of Quantum Leap {Will+
                  | Dex+3}
  4812 | D:6      | Reached skill level 6 in Invocations
  5194 | D:6      | Identified the +3 whip of Precise Incision {protect, Int+5}
  5240 | D:6      | Reached **** piety under Okawaru
  5284 | D:6      | Reached skill level 1 in Maces & Flails
  5509 | D:6      | Found a sparkling altar of Nemelex Xobeh.
  5583 | D:7      | Reached XP level 9. HP: 65/71 MP: 13/13
  5774 | D:7      | Reached skill level 7 in Invocations
  6010 | D:7      | Reached skill level 5 in Armour
  6037 | D:7      | Found a stormy altar of Qazlal.
  6369 | D:8      | HP: 1/71 [orc warrior/+0 glaive (4)]
  6372 | D:8      | Mangled by an orc warrior

Illustrated notes

Levels and vault maps discovered:
D:1:      sevenhm_arrival_forest_fort_small_6, layout_rooms,
          chequers_ecumenical_altar_simple_redux
D:2:      layout_basic, basic_altar, grunt_decor_junction, uniq_sigmund
D:3:      layout_loops_ring, kennysheep_cross_bottleneck
D:4:      layout_basic, nicolae_elyvilon_peaceful_grove,
          mainiacjoe_overflow_brackets, nicolae_overflow_crystal_walls,
          kennysheep_windowed_goal
D:5:      layout_loops_cross, okawaru_altar_gauntlet_db,
          minmay_temple_entry_statues, serial_shops, shop, uniq_ijyb,
          uniq_crazy_yiuf_cottage, uniq_prince_ribbit1
D:6:      layout_basic, mainiacjoe_overflow_alcove_4, minmay_curled_crystal
D:7:      layout_rooms, nicolae_qazlal_scattered_showers
D:8:      layout_basic, erik_lair_dragon, uniq_pikel

Skill      XL: |  1  2  3  4  5  6  7  8  9 |
---------------+----------------------------+-----
Axes           | 4 5 6 |  6.7
Fighting       | 4 5 6 |  6.9
Invocations    | 2 3 5 6 7 |  7.7
Maces & Flails | 1 3 |  3.7
Armour         | 5 |  5.3
Shields        | |  4.0

Action                     |  1- 3 |  4- 6 |  7- 9 || total
---------------------------+-------+-------+-------++-------
  Melee: War axe           |    63 |    98 |   143 ||   304
         Whip              |       |       |   200 ||   200
 Invoke: Heroism           |       |       |     1 ||     1
    Use: Scroll            |     4 |     5 |     6 ||    15
         Potion            |       |       |    11 ||    11
 Armour: Scale mail        |    44 |    54 |   162 ||   260
         Skin              |       |       |     1 ||     1
  Dodge: Dodged            |    42 |    58 |   242 ||   342
  Block: Buckler           |    28 |    29 |    97 ||   154
